Cogmind - Beta 13 @@@ ROGUE MODE // 2024.04.14 @ 19:55:58 Player: Lunace Result: Destroyed by as-81335 with Assembled Blade Performance ------------- Evolutions (0) 0 Regions Visited (2) 400 Robots Destroyed (3) 15 Value Destroyed (97) 97 Prototype IDs (0) 0 Alien Tech Used (0) 0 Bonus (0) 0 TOTAL SCORE: 512 Bonus ------- None Cogmind --------- Core Integrity 0/250 Matter 242/300 Energy 131/160 System Corruption 0% Temperature Hot (212) Movement Rolling (120) Ox2 Location -10/Mines Parts ------- > --- POWER (1) -------- Light Nuclear Core > --- PROPULSION (2) --- Armored Wheel Armored Wheel > --- UTILITY (2) ------ Heat Sink High-capacity Storage Unit > --- WEAPON (2) ------- Heavy EM Pulse Gun Heavy EM Pulse Gun > --- INVENTORY (20) --- Light Ion Engine Wheel Armored Wheel Armored Wheel Small Storage Unit Medium Matter Pod (0) Medium Matter Pod (0) Medium Matter Pod (0) Structural Scanner Signal Interpreter Terrain Scanner Improved Targeting Computer Improved Targeting Computer Improved Targeting Computer Improved Targeting Computer Heavy EM Pulse Gun Heavy Mace Peak State ------------ > --- POWER ------------ Light Nuclear Core > --- PROPULSION ------- Armored Wheel Armored Wheel > --- UTILITY ---------- High-capacity Storage Unit Structural Scanner > --- WEAPON ----------- Heavy EM Pulse Gun Heavy EM Pulse Gun > --- INVENTORY -------- Light Ion Engine Wheel Armored Wheel Armored Wheel Heat Sink Small Storage Unit Medium Matter Pod Medium Matter Pod Medium Matter Pod Signal Interpreter Terrain Scanner Improved Targeting Computer Improved Targeting Computer Improved Targeting Computer Improved Targeting Computer Heavy EM Pulse Gun Heavy EM Pulse Gun Grenade Launcher [Rating: 15] Favorites ----------- Power Ion Engine Engine Ion Engine Power Core Light Nuclear Core Propulsion Light Treads Treads Light Treads Wheel Armored Wheel Utility High-capacity Storage Unit Device Terrain Scanner Storage High-capacity Storage Unit Weapon Heavy EM Pulse Gun Energy Gun Heavy EM Pulse Gun Ballistic Gun Light Assault Rifle Launcher Grenade Launcher Build | -11 -10 -10 ------- Run | Yrd Mat Min Slots Evolved . | . . . Power . | . . . Propulsion . | . . . Utility . | . . . Weapon . | . . . Parts Attached 20 | 7 8 5 Power 3 | 2 . 1 Engine 2 | 2 . . Core 1 | . . 1 Reactor . | . . . Propulsion 4 | 2 2 . Treads 2 | 2 . . Leg . | . . . Wheel 2 | . 2 . Hover . | . . . Flight . | . . . Utility 6 | 1 3 2 Device 4 | . 2 2 Storage 2 | 1 1 . Processor . | . . . Hackware . | . . . Protection . | . . . Artifact . | . . . Weapon 7 | 2 3 2 Energy Gun 4 | 1 2 1 Energy Cannon . | . . . Ballistic Gun 2 | 1 1 . Ballistic Cannon . | . . . Launcher 1 | . . 1 Special Weapon . | . . . Impact Weapon . | . . . Slashing Weapon . | . . . Piercing Weapon . | . . . Special Melee Weapon . | . . . Unidentified Prototypes . | . . . Parts Lost 3 | . 1 2 Power . | . . . Propulsion . | . . . Utility . | . . . Weapon 3 | . 1 2 Highest Loss Streak 2 | . 1 2 To Critical Strikes . | . . . Average Slot Usage (%) 94 | . 92 100 Engine 12 | . 14 8 Core 1 | . . 5 Treads 14 | . 20 . Wheel 13 | . 7 28 Device 8 | . 7 14 Storage 14 | . 14 14 Energy Gun 18 | . 14 27 Ballistic Gun 9 | . 13 . Naked Turns . | . . . Heaviest Build 52 | 13 52 52 Greatest Support 40 | 40 40 24 Greatest Overweight (x) 4 | . 4 2 Average Overweight (x) 1 | . 1 2 Largest Inventory Capacity 20 | 8 20 20 Average Capacity 18 | 7 19 20 Most Carried 19 | 3 17 19 Average Carried 8 | 1 6 18 Final Capacity 20 | 8 20 20 Final Carried 17 | 3 17 17 Class Distribution -------------------- 100% | Mutant Dominant Class ---------------- Mutant | -10/Materials Mutant | -10/Mines Resources | -11 -10 -10 ----------- Run | Yrd Mat Min Matter Collected 372 | 196 117 59 Remotely . | . . . Salvage Created 227 | . 128 99 Parts 6 | . 6 . Haulers Intercepted . | . . . Recyclers Shooed . | . . . Parts Field Recycled . | . . . Retrieved Matter . | . . . Parts Self-Destructed . | . . . Prevented . | . . . Kills | -11 -10 -10 ------- Run | Yrd Mat Min Combat Hostiles Destroyed 10 | . 2 8 Guns 7 | . 2 5 AOE 3 | . . 3 Classes Destroyed 3 | . 2 1 Watcher 1 | . 1 . Grunt 2 | . 2 . Assembled 8 | . . 8 Best Kill Streak 8 | . 2 8 Combat Bots Only 8 | . 1 8 Max Kills in Single Turn 2 | . 1 2 Gunslinging . | . . . Exploded 2 | . . 2 Melee . | . . . Uniques/NPCs Destroyed . | . . . Combat | -11 -10 -10 -------- Run | Yrd Mat Min Hostile Shots Fired 55 | . 29 26 Missed 9 | . 5 4 Damage Taken 809 | . 375 434 Core 258 | . 122 136 Absorbed by Shields . | . . . Core Remaining (%) 100 | 100 . . Volleys Fired 38 | 3 21 14 Largest 2 | 2 2 2 Hottest 90 | 60 60 90 Shots Fired 76 | 6 42 28 Gun 74 | 6 42 26 Cannon . | . . . Launcher 2 | . . 2 Special . | . . . Kinetic 25 | 3 22 . Thermal . | . . . Explosive 2 | . . 2 Electromagnetic 49 | 3 20 26 Robot Hit Streak 6 | 2 5 6 Robot Miss Streak 3 | 1 3 2 Penetration Max . | . . . Secondary Targets 2 | . . 2 Max Gunslinging Chain 1 | . . 1 Shots Hit Robots 46 | 4 24 18 Core Hits 25 | 1 8 16 Critical Kills . | . . . Critical Parts Destroyed . | . . . Critical Strikes . | . . . Melee Attacks . | . . . Impact . | . . . Slashing . | . . . Piercing . | . . . Sneak Attacks . | . . . Combat Hostiles . | . . . Follow-up Attacks . | . . . Damage Inflicted 763 | 37 363 363 Guns 533 | 37 269 227 Cannons . | . . . Explosions 230 | . 94 136 Melee . | . . . Ramming . | . . . Kinetic 122 | 22 100 . Thermal 94 | . 94 . Explosive 136 | . . 136 Electromagnetic 411 | 15 169 227 Impact . | . . . Slashing . | . . . Piercing . | . . . Highest Corruption . | . . . Average Corruption . | . . . Corruption Purged . | . . . Corruption Blocked . | . . . Overload Shots . | . . . Overflow Damage 20 | . . 20 Projectiles . | . . . Explosions 20 | . . 20 Melee . | . . . Knockbacks . | . . . Impact . | . . . Kinetic . | . . . Secondary . | . . . Self-Inflicted Damage 127 | . 53 74 Shots 4 | . 2 2 Rammed . | . . . Targets Rammed . | . . . Kicked . | . . . Crushed . | . . . Highest Temperature 200 | 40 197 200 Average Temperature 99 | 19 80 143 Received Heat Transfer 366 | . 186 180 Siege Activations . | . . . Robots Corrupted . | . . . Combat Hostiles . | . . . Parts Fried 1 | . 1 . Impact Corruptions . | . . . Robots Melted . | . . . Combat Hostiles . | . . . Parts Melted . | . . . Heat Transferred 100 | . 100 . Parts Sabotaged . | . . . Parts Stolen . | . . . Parts Stripped . | . . . Power Chain Reactions 2 | . 2 . Alert | -11 -10 -10 ------- Run | Yrd Mat Min Peak Influence 95 | . 95 8 Initial . | . . . Average 27 | . 43 . Maximum Alert Level . | . . . Low Security (%) 100 | 100 100 100 Level 1 . | . . . Level 2 . | . . . Level 3 . | . . . Level 4 . | . . . Level 5 . | . . . High Security . | . . . Max Security . | . . . Squads Dispatched . | . . . Investigation . | . . . Extermination . | . . . Reinforcement . | . . . Assault . | . . . Garrison . | . . . Intercept . | . . . Searches Triggered . | . . . Construction Impeded . | . . . Haulers Reinforced . | . . . Active Scanning Responses . | . . . Cargo Convoy Interrupts . | . . . Stealth | -11 -10 -10 --------- Run | Yrd Mat Min Distress Signals . | . . . Communications Jammed . | . . . Distress Signals . | . . . Times Spotted 16 | . 4 12 Peak Tracking Total 7 | . 3 7 Tactical Retreats 1 | . 1 . Traps | -11 -10 -10 ------- Run | Yrd Mat Min Traps Triggered . | . . . Indirectly . | . . . Trap Hack Attempts . | . . . Triggered . | . . . Disarmed . | . . . Reprogrammed . | . . . Reused . | . . . Traps Extracted . | . . . Installed . | . . . Triggered . | . . . Machines | -11 -10 -10 ---------- Run | Yrd Mat Min Machines Disabled . | . . . Max in Single Turn . | . . . Machines Repaired . | . . . Machines Dismantled . | . . . Machines Sabotaged . | . . . Overloaded Fab Kills . | . . . Hacking | -11 -10 -10 --------- Run | Yrd Mat Min Machines Accessed 5 | . 4 1 Terminals 4 | . 4 . Fabricators . | . . . Repair Stations . | . . . Recycling Units . | . . . Scanalyzers . | . . . Garrison Access . | . . . Total Hacks 10 | . 9 1 Successful 4 | . 3 1 Failed 6 | . 6 . Catastrophic 1 | . 1 . Database Lockouts . | . . . Manual 7 | . 7 . Terminals 9 | . 9 . Fabricators . | . . . Repair Stations . | . . . Recycling Units . | . . . Scanalyzers . | . . . Garrison Access . | . . . Terminal Hacks 3 | . 2 1 Open Door 1 | . . 1 Branch Access Points 1 | . 1 . Terminal Index 1 | . 1 . Fabricator Hacks . | . . . Repair Station Hacks . | . . . Recycling Unit Hacks . | . . . Scanalyzer . | . . . Garrison Access Hacks . | . . . Unauthorized Hacks 1 | . 1 . Terminals 1 | . 1 . Operators 1 | . 1 . Fabricators . | . . . Repair Stations . | . . . Recycling Units . | . . . Scanalyzers . | . . . Garrison Access . | . . . Data Cores Recovered . | . . . Used . | . . . Hacking Detections 4 | . 4 . Full Trace Events . | . . . Feedback Events . | . . . Feedback Blocked . | . . . Robot Schematics Acquired . | . . . Robots Built . | . . . Authchips . | . . . Time . | . . . Total Robot Build Rating . | . . . Part Schematics Acquired . | . . . Parts Built . | . . . Authchips . | . . . Time . | . . . Total Part Build Rating . | . . . Parts Repaired . | . . . Time . | . . . Parts Recycled . | . . . Recycled Matter . | . . . Retrieved Matter . | . . . Retrieved Components . | . . . Parts Scanalyzed . | . . . Part Schematics Acquired . | . . . Parts Damaged . | . . . Bothacking | -11 -10 -10 ------------ Run | Yrd Mat Min Used RIF Installer . | . . . Robots Hacked . | . . . Non-combat . | . . . Combat . | . . . Robot Hacks Applied . | . . . Relay Couplers Released . | . . . Fabnet Peak Effective % . | . . . Robots Rewired . | . . . Allies Hacked . | . . . Hacks Repelled . | . . . Allies | -11 -10 -10 -------- Run | Yrd Mat Min Total Allies . | . . . Largest Group . | . . . Highest-Rated Group . | . . . Highest-Rated Ally . | . . . Total Orders . | . . . Ally Attacks . | . . . Total Damage . | . . . Kills . | . . . Allies Corrupted . | . . . Allies Melted . | . . . Intel | -11 -10 -10 ------- Run | Yrd Mat Min Robot Analysis Total . | . . . Derelict Logs Recovered 1 | . . 1 Drone Launches . | . . . Drone Recoveries . | . . . Exploration | -11 -10 -10 ------------- Run | Yrd Mat Min Turns Passed 754 | 88 476 190 Spaces Moved 369 | 43 213 113 Core 2 | 2 . . Treads 157 | 41 116 . Legs . | . . . Wheels 210 | . 97 113 Hover . | . . . Flight . | . . . Fastest Speed 50 | 50 120 120 Average Speed 159 | 154 182 120 Slowest Speed 240 | 160 240 120 Overloaded Moves . | . . . Propulsion Burnouts . | . . . Robots Hopped . | . . . Cave-ins Triggered . | . . . Exploration Rate (%) 20 | 4 37 21 Regions Visited 2 Branch Regions 1 Pre-discovered Areas . | . . . Known Exits Taken 1 | . 1 . Unknown Exits Taken 1 | 1 . . Scrap Searched 1 | . . 1 Spaces Dug . | . . . Terrain Destroyed 29 | . 12 17 Melee . | . . . Projectile . | . . . AOE 29 | . 12 17 Terrain Rammed . | . . . Walls Destroyed . | . . . Machines Disabled . | . . . Actions | -11 -10 -10 --------- Run | Yrd Mat Min Total 459 | 56 263 140 Wait 9 | 2 3 4 Move 367 | 42 212 113 Hop . | . . . Pick Up 17 | 2 13 2 Fast Attach 15 | 6 7 2 Attach 3 | . 1 2 Detach 2 | . 2 . Swap 2 | 1 . 1 Drop 6 | . 4 2 Fire 38 | 3 21 14 Melee . | . . . Ram . | . . . Kick . | . . . Crush . | . . . Escape Stasis . | . . . Rewire . | . . . Trap . | . . . Miscellaneous . | . . . Route ------- -11/Scrapyard -10/Materials (discovered 3 exits: [*Mat] / *Min x2) -10/Mines History --------- Turn | Location | Event 10 | -11/Scrapyard | Discovered new exit (range 15) 89 | -11/Scrapyard | Entered Materials 316 | -10/Materials | Build established: Mutant 336 | -10/Materials | Discovered new exit (range 12) 340 | -10/Materials | Identified exit to Mines 565 | -10/Materials | Entered Mines 673 | -10/Mines | Assembled infested the area 678 | -10/Mines | Assisted by a Guerilla fighting off Assembled 679 | -10/Mines | Learned Materials emergency access door positions 681 | -10/Mines | Met a Derelict who couldn't figure out how to use a Trap Extractor 722 | -10/Mines | Core integrity fell below 50% 751 | -10/Mines | Core integrity fell below 20% 755 | -10/Mines | Destroyed by as-81335 with Assembled Blade Last Messages --------------- 00725_ U-05 Engineer lays Concrete. 00725_ as-92191 destroyed. 00726_ U-05 Engineer lays Concrete. 00729_ U-05 Engineer builds a Wall. 00732_ U-05 Engineer lays Concrete. 00734_ U-05 Engineer builds a Wall. 00735_ Hvy. EM Pulse Gun destroyed. 00738_ as-57452 destroyed. 00739_ Acquired 11 matter. 00739_ U-05 Engineer lays Concrete. 00741_ as-67271 destroyed. 00741_ Destroyed Asb. Hover Unit. 00741_ as-89276 destroyed. 00741_ Grenade Launcher destroyed. 00741_ Destroyed Grenade Launcher. 00742_ U-05 Engineer lays Concrete. 00744_ Acquired 2 matter. 00745_ U-05 Engineer lays Concrete. 00746_ Critical hit (Burn: +80). 00751_ U-05 Engineer lays Concrete. Map ----- +----------------------------------------------------+ | | | | | | | ???????????????????????????????############## | | ??????????????????????????################### | | ?????????????????????????######## | | ????????????????????????#### ## | | ???????????????????????#### #### ## | | ???????????????????????### ######## # | | ???????????????????????## ########## # | | ???????????????????????## ####????### ## | | ??????????????????????### ####??????## #### | | ??????????????????????### ###???????## #### | | ????????????######????## ###??????? ##?? | | ???????????########???## #####????? #####?? | | ???????####### ####??### #####??## #####?? | | ???????###### ####?### ###??## ??????? | | ???????##"!# # ####### ##??## ??????? | | ???????##* !# ##### ##???????????? | | ???????##" ! ## ### ###???????????? | | ???????##"[ #########???????????? | | ???????## / =#X ########????????????? | | ???????##"!# # u ##??????????????????? | | ???????######### ##??????????????????? | | ???????########### ###??????????????????? | | ??????????????#### @% ##???????????????????? | | ?????????????????# aaa #????????????????????? | | ?????????????????# % #????????????????????? | | ?????????????????## ###????????????????????? | | ?????????????????? a ##?????????????????????? | | ??????????????????#####?????????????????????? | | ??????????????????#####?????????????????????? | | ????????????????????????????????????????????? | | ????????????????????????????????????????????? | | ????????????????????????????????????????????? | | ????????????????????????????????????????????? | | ????????????????????????????????????????????? | | ????????????????????????????????????????????? | | ????????????????????????????????????????????? | | ????????????????????????????????????????????? | | ????????????????????????????????????????????? | | ????????????????????????????????????????????? | | ????????????????????????????????????????????? | | ????????????????????????????????????????????? | | ????????????????????????????????????????????? | | ????????????????????????????????????????????? | | ????????????????????????????????????????????? | | ????????????????????????????????????????????? | | ????????????????????????????????????????????? | | ????????????????????????????????????????????? | +----------------------------------------------------+ Best States ------------- Heat Dissipation 35 Energy Generation 14 Energy Capacity 250 Matter Stores 290 Matter Capacity 300 Sight Range 16 Terrain Scan Range 14 Terrain Scan Density 10 Evasion (%) 40 Recoil Reduction 2 Item Schematics ----------------- None Robot Schematics ------------------ None Fabricated ------------ Nothing Alien Tech Used ----------------- None Achievements -------------- None Challenges ------------ None Game ------ Seed SpreadParticleTriangulator Manual? 0 Play Time 00:08:58 Cumulative 73.5 hours Start 2024.04.14 @ 19:49:20 End 2024.04.14 @ 19:55:58 Sessions 1 Manual Loads 0 Difficulty Rogue Special Mode None Game No. 83 Rogue 78 Adventurer 5 Explorer 0 Win Type - Total 3 Types 2/0/0/1/0/0/0/0/0 Lore% 34 Gallery% 54 Achievement% 43 Wizard Run 0 Options --------- Layout 1 ASCII 0 Keyboard 0 Movement Arrows Keybinds 0 Fullscreen 1 Font 24/Terminus Map View 50x35 Zoom Use 0% Tactical HUD 1 Map Filters NONE Filters NONE Steam 1 RUN: 974cf3c9-d315-436f-9041-7d22305b4c71